SA
SYRACUSE STORM @ MT. VERNON BULLS
08/29/2025
 
TOP OF THE 1ST
Syracuse Storm batting - Pitching for Mt. Vernon Bulls : RHP Jim Unknown
Pitching: RHP Jim Unknown
Batting: RHB Theron Hammond 0-0: Foul Ball, location: 2F
0-1: Fly out, F9 (Flyball, 9LSF)
Batting: RHB Phil Sherman 0-0: Foul Ball, location: 2F
0-1: Swinging Strike
0-2: Ball
1-2: Foul Ball, location: 2F
1-2: Ball
2-2: Ball
3-2: Ground out 6-3 (Groundball, 6M)
Batting: RHB Jim Unknown 0-0: Called Strike
0-1: Ball
1-1: Ball
2-1: Foul Ball, location: 2F
2-2: SINGLE (Flyball, 9S)
Batting: RHB José Costello 0-0: Swinging Strike
0-1: Foul Ball, location: 2F
0-2: Foul Ball, location: 2F
0-2: Strikes out swinging
Top of the 1st over - 0 run(s), 1 hit(s), 0 error(s), 1 left on base; Syracuse 0 - Mt. Vernon 0
BOTTOM OF THE 1ST
Mt. Vernon Bulls batting - Pitching for Syracuse Storm : RHP Gonzalo Montés
Pitching: RHP Gonzalo Montés
Batting: RHB Phil Dougherty 0-0: SINGLE (Groundball, 56D)
Batting: RHB Manny Álvarez 0-0: SINGLE (Flyball, 89S)
Phil Dougherty to second
Runner from 2nd tries for 3rd, SAFE, throw made to third
Batting: LHB Alex Reid 0-0: Called Strike
0-1: Ball
1-1: Ball
2-1: Foul Ball, location: 2F
2-2: SINGLE (Line Drive, 6MD)
Phil Dougherty scores
Manny Álvarez to second
Batting: SHB Marvin Fitton 0-0: Called Strike
0-1: Swinging Strike
0-2: Ball
1-2: SINGLE (Groundball, 4D)
Manny Álvarez to third
Alex Reid to second
Runner from 3rd tries for Home, throw and OUT!
Alex Reid to third
Marvin Fitton to second
Batting: RHB António López 0-0: Ball
1-0: Called Strike
1-1: Ball
2-1: Called Strike
2-2: Foul Ball, location: 2F
2-2: Foul Ball, location: 2F
2-2: Ball
3-2: Foul Ball, location: 2F
3-2: Base on Balls
Batting: LHB Pablo Morales 0-0: Fly out, F4 (Popup, 34D)
Batting: RHB Noël Sassetti 0-0: Called Strike
0-1: Ball
1-1: Ball
2-1: Swinging Strike
2-2: Strikes out swinging
Bottom of the 1st over - 1 run(s), 4 hit(s), 0 error(s), 3 left on base; Syracuse 0 - Mt. Vernon 1
TOP OF THE 2ND
Syracuse Storm batting - Pitching for Mt. Vernon Bulls : RHP Jim Unknown
Batting: RHB Eduardo Santos 0-0: Swinging Strike
0-1: Swinging Strike
0-2: Foul Ball, location: 2F
0-2: Ball
1-2: Fly out, F8 (Flyball, 8RM)
Batting: LHB Jim Unknown 0-0: Called Strike
0-1: Fly out, F4 (Line Drive, 4)
Batting: SHB Lúcio Gonzáles 0-0: Ball
1-0: Ball
2-0: Foul Ball, location: 2F
2-1: TRIPLE (Flyball, 89D)
Batting: LHB King Randell 0-0: Ball
1-0: Called Strike
1-1: Ball
2-1: Ball
3-1: Foul Ball, location: 2F
3-2: Ground out 5-3 (Groundball, 56)
Top of the 2nd over - 0 run(s), 1 hit(s), 0 error(s), 1 left on base; Syracuse 0 - Mt. Vernon 1
BOTTOM OF THE 2ND
Mt. Vernon Bulls batting - Pitching for Syracuse Storm : RHP Gonzalo Montés
Batting: RHB Ryan Robbins 0-0: Foul Ball, location: 2F
0-1: Ball
1-1: Ball
2-1: Ball
3-1: Called Strike
3-2: Foul Ball, location: 2F
3-2: Ground out 5-3 (Groundball, 5)
Batting: RHB Freddy Torres 0-0: Foul Ball, location: 2F
0-1: Called Strike
0-2: Ball
1-2: Strikes out looking
Batting: RHB Phil Dougherty 0-0: Ball
1-0: Ball
2-0: Fly out, F8 (Flyball, 8RS)
Bottom of the 2nd over - 0 run(s), 0 hit(s), 0 error(s), 0 left on base; Syracuse 0 - Mt. Vernon 1
TOP OF THE 3RD
Syracuse Storm batting - Pitching for Mt. Vernon Bulls : RHP Jim Unknown
Batting: RHB Tyrell Wellick 0-0: Ball
1-0: Called Strike
1-1: SINGLE (Groundball, 56D)
Batting: RHB Theron Hammond 0-0: Called Strike
0-1: Foul Ball, location: 2F
0-2: Grounds into double play, 5-4-3 (Groundball, 5)
Batting: RHB Phil Sherman 0-0: Swinging Strike
0-1: Called Strike
0-2: Strikes out swinging
Top of the 3rd over - 0 run(s), 1 hit(s), 0 error(s), 0 left on base; Syracuse 0 - Mt. Vernon 1
BOTTOM OF THE 3RD
Mt. Vernon Bulls batting - Pitching for Syracuse Storm : RHP Gonzalo Montés
Batting: RHB Manny Álvarez 0-0: Swinging Strike
0-1: Ball
1-1: Fly out, F3 (Flyball, 3DF)
Batting: LHB Alex Reid 0-0: Ball
1-0: Swinging Strike
1-1: Ball
2-1: SINGLE (Flyball, 89S)
Batting: SHB Marvin Fitton 0-0: Called Strike
0-1: Ball
1-1: Called Strike
1-2: Strikes out looking
Batting: RHB António López 0-0: Ball
1-0: Foul Ball, location: 2F
1-1: Foul Ball, location: 2F
1-2: Foul Ball, location: 2F
1-2: Ball
2-2: Fly out, F9 (Flyball, 89M)
Bottom of the 3rd over - 0 run(s), 1 hit(s), 0 error(s), 1 left on base; Syracuse 0 - Mt. Vernon 1
TOP OF THE 4TH
Syracuse Storm batting - Pitching for Mt. Vernon Bulls : RHP Jim Unknown
Batting: RHB Jim Unknown 0-0: Ball
1-0: Ball
2-0: Swinging Strike
2-1: Called Strike
2-2: Ball
3-2: Strikes out swinging
Batting: RHB José Costello 0-0: Called Strike
0-1: Called Strike
0-2: Strikes out looking
Batting: RHB Eduardo Santos 0-0: Called Strike
0-1: Ground out 1-3 (Groundball, 13)
Top of the 4th over - 0 run(s), 0 hit(s), 0 error(s), 0 left on base; Syracuse 0 - Mt. Vernon 1
BOTTOM OF THE 4TH
Mt. Vernon Bulls batting - Pitching for Syracuse Storm : RHP Gonzalo Montés
Batting: LHB Pablo Morales 0-0: Ball
1-0: Ball
2-0: Ball
3-0: Base on Balls
Batting: RHB Noël Sassetti 0-0: Called Strike
0-1: Ball
1-1: Called Strike
1-2: Grounds into double play, 6-4-3 (Groundball, 6)
Batting: RHB Ryan Robbins 0-0: Called Strike
0-1: Ground out 5-3 (Groundball, 56)
Bottom of the 4th over - 0 run(s), 0 hit(s), 0 error(s), 0 left on base; Syracuse 0 - Mt. Vernon 1
TOP OF THE 5TH
Syracuse Storm batting - Pitching for Mt. Vernon Bulls : RHP Jim Unknown
Batting: LHB Jim Unknown 0-0: Called Strike
0-1: Bunt for hit - play at first, batter OUT! 1-3
Batting: SHB Lúcio Gonzáles 0-0: Called Strike
0-1: Ball
1-1: Ball
2-1: Foul Ball, location: 2F
2-2: Strikes out swinging
Batting: LHB King Randell 0-0: Ball
1-0: Ball
2-0: Called Strike
2-1: Fly out, F7 (Flyball, 7LS)
Top of the 5th over - 0 run(s), 0 hit(s), 0 error(s), 0 left on base; Syracuse 0 - Mt. Vernon 1
BOTTOM OF THE 5TH
Mt. Vernon Bulls batting - Pitching for Syracuse Storm : RHP Gonzalo Montés
Batting: RHB Freddy Torres 0-0: Ball
1-0: Swinging Strike
1-1: Ground out 5-3 (Groundball, 56S)
Batting: RHB Phil Dougherty 0-0: Foul Ball, location: 2F
0-1: Swinging Strike
0-2: Ball
1-2: Ball
2-2: Strikes out looking
Batting: RHB Manny Álvarez 0-0: Called Strike
0-1: Swinging Strike
0-2: Ball
1-2: Foul Ball, location: 2F
1-2: Strikes out swinging
Bottom of the 5th over - 0 run(s), 0 hit(s), 0 error(s), 0 left on base; Syracuse 0 - Mt. Vernon 1
TOP OF THE 6TH
Syracuse Storm batting - Pitching for Mt. Vernon Bulls : RHP Jim Unknown
Batting: RHB Tyrell Wellick 0-0: Fly out, F7 (Flyball, 78M)
Batting: RHB Theron Hammond 0-0: Called Strike
0-1: Ball
1-1: Ball
2-1: Ball
3-1: Fly out, F8 (Flyball, 78M)
Batting: RHB Phil Sherman 0-0: Called Strike
0-1: Foul Ball, location: 2F
0-2: Ball
1-2: Ball
2-2: Ball
3-2: Foul Ball, location: 2F
3-2: Foul Ball, location: 2F
3-2: Foul Ball, location: 2F
3-2: Fly out, F8 (Flyball, 8LM)
Top of the 6th over - 0 run(s), 0 hit(s), 0 error(s), 0 left on base; Syracuse 0 - Mt. Vernon 1
BOTTOM OF THE 6TH
Mt. Vernon Bulls batting - Pitching for Syracuse Storm : RHP Gonzalo Montés
Batting: LHB Alex Reid 0-0: Swinging Strike
0-1: DOUBLE (Line Drive, 9LM) - OUT at third base trying to stretch hit.
Batting: SHB Marvin Fitton 0-0: Ball
1-0: Ball
2-0: Called Strike
2-1: Called Strike
2-2: Ball
3-2: Foul Ball, location: 2F
3-2: SINGLE (Line Drive, 56D)
Batting: RHB António López 0-0: Called Strike
Marvin Fitton steals 2nd base
0-1: Ball
1-1: Intentional Walk
Batting: LHB Pablo Morales 0-0: Ball
1-0: Foul Ball, location: 2F
1-1: Ball
2-1: Called Strike
2-2: Strikes out looking
Batting: RHB Noël Sassetti 0-0: Called Strike
0-1: Foul Ball, location: 2F
0-2: Strikes out looking
Bottom of the 6th over - 0 run(s), 2 hit(s), 0 error(s), 2 left on base; Syracuse 0 - Mt. Vernon 1
TOP OF THE 7TH
Syracuse Storm batting - Pitching for Mt. Vernon Bulls : RHP Jim Unknown
Batting: RHB Jim Unknown 0-0: Called Strike
0-1: Ball
1-1: SINGLE (Line Drive, 7S)
Pinch Hitting: LHB Jim Unknown 0-0: Ball
1-0: SINGLE (Flyball, 8LS)
Jim Unknown to second
Pinch Hitting: SHB Jim Unknown 0-0: Ball
1-0: Foul Ball, location: 2F
1-1: Foul Ball, location: 2F
1-2: Foul Ball, location: 2F
1-2: Strikes out looking
Pitching: LHP Javier López
Pinch Hitting: LHB Ricardo Ríos 0-0: Called Strike
0-1: Fielders Choice at 2nd, 4-6 (Groundball, 4)
Jim Unknown to third
Batting: SHB Lúcio Gonzáles 0-0: Fielders Choice at 2nd, 5-4 (Groundball, 56)
Top of the 7th over - 0 run(s), 2 hit(s), 0 error(s), 1 left on base; Syracuse 0 - Mt. Vernon 1
BOTTOM OF THE 7TH
Mt. Vernon Bulls batting - Pitching for Syracuse Storm : RHP Gonzalo Montés
Now at 2B: Ricardo Ríos
Now in LF: Jim Unknown
Now in RF: Jim Unknown
Batting: RHB Ryan Robbins 0-0: Ball
1-0: Fly out, F8 (Flyball, 8LM)
Batting: RHB Freddy Torres 0-0: Ground out 6-3 (Groundball, 6)
Batting: RHB Phil Dougherty 0-0: Fly out, F9 (Flyball, 9LS)
Bottom of the 7th over - 0 run(s), 0 hit(s), 0 error(s), 0 left on base; Syracuse 0 - Mt. Vernon 1
TOP OF THE 8TH
Syracuse Storm batting - Pitching for Mt. Vernon Bulls : LHP Javier López
Batting: LHB King Randell 0-0: Ball
1-0: Foul Ball, location: 2F
1-1: Swinging Strike
1-2: Ball
2-2: Strikes out swinging
Pitching: RHP Mark Goldwire
Batting: RHB Tyrell Wellick 0-0: Called Strike
0-1: Called Strike
0-2: Strikes out swinging
Batting: RHB Theron Hammond 0-0: Called Strike
0-1: Called Strike
0-2: Foul Ball, location: 2F
0-2: Ball
1-2: Foul Ball, location: 2F
1-2: Foul Ball, location: 2F
1-2: Fly out, F4 (Popup, 4S)
Top of the 8th over - 0 run(s), 0 hit(s), 0 error(s), 0 left on base; Syracuse 0 - Mt. Vernon 1
BOTTOM OF THE 8TH
Mt. Vernon Bulls batting - Pitching for Syracuse Storm : RHP Gonzalo Montés
Batting: RHB Manny Álvarez 0-0: Ball
1-0: Called Strike
1-1: DOUBLE (Flyball, 89D)
Batting: LHB Alex Reid 0-0: Intentional Walk
Pinch Hitting: SHB Jim Unknown 0-0: Ball
1-0: Ball
2-0: Called Strike
2-1: Ball
3-1: Called Strike
3-2: Strikes out swinging
Pitching: LHP Juan Vargas
Batting: RHB António López 0-0: Called Strike
0-1: Foul Ball, location: 2F
0-2: Strikes out swinging
Batting: LHB Pablo Morales 0-0: Ball
1-0: Ball
2-0: Called Strike
2-1: Swinging Strike
2-2: Fly out, F9 (Flyball, 9)
Bottom of the 8th over - 0 run(s), 1 hit(s), 0 error(s), 2 left on base; Syracuse 0 - Mt. Vernon 1
TOP OF THE 9TH
Syracuse Storm batting - Pitching for Mt. Vernon Bulls : RHP Mark Goldwire
Pitching: RHP Jim Unknown
Now in CF: Jim Unknown
Batting: RHB Phil Sherman 0-0: Ball
1-0: Fly out, F7 (Flyball, 7S)
Batting: RHB Jim Unknown 0-0: Ball
1-0: Ball
2-0: Ball
3-0: Called Strike
3-1: Fly out, F8 (Flyball, 78S)
Batting: LHB Jim Unknown 0-0: Foul Ball, location: 2F
0-1: Foul Ball, location: 2F
0-2: Strikes out swinging
Top of the 9th over - 0 run(s), 0 hit(s), 0 error(s), 0 left on base; Syracuse 0 - Mt. Vernon 1
Friday, December 30th, 2016 - OOTP Baseball 17.12 Build 75